 Dungeon Crawl Stone Soup version 0.30-a0-250-g41c1d76940 (webtiles) character file.

Game seed: 15177295524545093885

48 brknglss the Digger (level 3, -3/20 HPs)
             Began as a Gargoyle Earth Elementalist on Oct 13, 2022.
             Slain by Terence
             ... wielding a +0 mace
              (7 damage)
             ... on level 2 of the Dungeon.
             The game lasted 00:03:25 (1792 turns).

brknglss the Digger (Gargoyle Earth Elementalist)   Turns: 1792, Time: 00:03:26

Health: -3/20      AC:  5    Str: 11    XL:     3   Next: 72%
Magic:  2/6        EV: 12    Int: 17    God:
Gold:   54         SH:  0    Dex: 10    Spells: 5/6 levels left

rFire   . . .      SeeInvis .    g - +0 short sword
rCold   . . .      Faith    .    (no shield)
rNeg    + . .      Spirit   .    a - +0 robe
rPois   ∞          Reflect  .    (no helmet)
rElec   +          Harm     .    (no cloak)
rCorr   .          Rampage  .    (no gloves)
Will    .....                    (no boots)
Stlth   ++........               (no amulet)
HPRegen 0.23/turn                (no ring)
MPRegen 0.10/turn                (no ring)

@: no status effects
A: sickness immunity, AC +3, negative energy resistance 1, electricity
resistance, torment resistance 1, petrification resistance
a: no special abilities


You were on level 2 of the Dungeon.
You visited 1 branch of the dungeon, and saw 2 of its levels.

You collected 54 gold pieces.

Inventory:

Hand Weapons
 g - a +0 short sword (weapon)
Missiles
 d - 3 poisoned darts (quivered)
Armour
 a - a +0 robe (worn)
Scrolls
 c - 4 scrolls of enchant weapon {unknown}
 h - a scroll of vulnerability {unknown}
 i - a scroll of identify {unknown}
Potions
 b - a potion of magic
 e - a potion of attraction {unknown}
 f - 2 potions of curing {unknown}


   Skills:
 + Level 1.3 Fighting
 + Level 2.0 Dodging
 - Level 2.1 Stealth
 + Level 2.3 Spellcasting
 - Level 0.7 Transmutations
 * Level 4.4 Earth Magic


You had 5 spell levels left.
You knew the following spells:

 Your Spells              Type           Power      Damage    Failure   Level
a - Sandblast             Erth           34%        2d9       3%          1

Your spell library contained the following spells:

 Spells                   Type           Power      Damage    Failure   Level
 Passwall                 Tmut/Erth      8%         N/A       10%         2
 Stone Arrow              Conj/Erth      18%        3d8       22%         3
 Petrify                  Tmut/Erth      10%        N/A       54%         4


Dungeon Overview and Level Annotations

Branches:
Dungeon (2/15)

Altars:

Annotations:
D:2 Terence


Innate Abilities, Weirdness & Mutations

You are immune to sickness and miasma.
Your stone body is resilient. (AC +3)
You are immune to poison.
You resist negative energy. (rN+)
You are resistant to electric shocks. (rElec)
You are resistant to unholy torment.
You are immune to petrification.


Message History

Terence attacks as you move away! Terence hits you with a +0 mace.
* * * LOW HITPOINT WARNING * * *
Aiming: Sandblast (safe; 3% risk of failure)
Press: ? - help, Q - select action, (/) - cycle Shift-Dir - straight line, f/p - Terence
Aim: Terence, wielding a +0 mace and wearing a +0 chain mail (moderately wounded, 87% to hit)
The blast of sand misses Terence.
Terence misses you. Terence closely misses you.
Casting: Sandblast (safe; 3% risk of failure)
Confirm with . or Enter, or press ? or * to list all spells.
You don't have enough magic to cast this spell.
You don't have enough magic to cast this spell.
You don't have enough magic to cast this spell.
Casting: Sandblast (safe; 3% risk of failure)
Confirm with . or Enter, or press ? or * to list all spells.
You don't have enough magic to cast this spell.
Okay, then.
Throw: 5 darts (poison)
Press: ? - help, Q - select action, (/) - cycle Shift-Dir - straight line, f/p - Terence
Aim: Terence, wielding a +0 mace and wearing a +0 chain mail (moderately wounded, 62% to hit)
You throw a poisoned dart.
The poisoned dart closely misses Terence.
Terence barely misses you.
Throw: 4 darts (poison)
Press: ? - help, Q - select action, (/) - cycle Shift-Dir - straight line, f/p - Terence
Aim: Terence, wielding a +0 mace and wearing a +0 chain mail (moderately wounded, 62% to hit)
You throw a poisoned dart.
The poisoned dart closely misses Terence.
Terence closely misses you. Terence attacks as you move away!
Terence misses you. Terence attacks as you move away!
Terence barely misses you. Terence barely misses you.
Terence attacks as you move away! Terence barely misses you.
Terence attacks as you move away! Terence barely misses you.
Terence screams, "I'm going to kill you!"
Terence attacks as you move away! Terence misses you.
Terence attacks as you move away! Terence hits you with a +0 mace!
* * * LOW HITPOINT WARNING * * *
You see here an adder corpse.
Terence attacks as you move away! Terence hits you with a +0 mace!
You die...

#......# ##..##...# #.# ####.###
##.###### #.# ++# ### #...# #.#
#.. ..# #.# #..## ##+## ###
##.###.# #.## ##...##
.....†.####.#### ##.....## ##
#..####........# ##.......## ##.
#..####.###....###..†......####..
...............@@'.........'.....
...####.###....###.........####..
#.## #)##.....# ##.......## ##.
#.# #†##.##..# ##.....## ## #.#
#.##. #..# ##...## .(# #.... ...#
##+## ### #........# ####.#####
.#


You could see Terence.

Vanquished Creatures
  An adder (D:2)
  A worm (D:2)
  A dart slug (D:2)
  4 endoplasms
  A goblin (D:2)
  5 hobgoblins
  4 jackals (D:2)
  4 kobolds
  A quokka (D:2)
  4 ball pythons
  A bat (D:1)
  3 rats
30 creatures vanquished.

Notes
Turn   | Place    | Note
-------+----------+-------------------------------------------
     0 | D:1      | brknglss the Gargoyle Earth Elementalist began the quest
                  | for the Orb.
     0 | D:1      | Reached XP level 1. HP: 10/10 MP: 3/3
   165 | D:1      | Reached XP level 2. HP: 16/16 MP: 1/5
   626 | D:1      | Reached skill level 4 in Earth Magic
  1166 | D:2      | Identified the +2 chain mail of Philately {-Cast rPois rN+}
  1337 | D:2      | Reached skill level 1 in Fighting
  1390 | D:2      | Reached XP level 3. HP: 20/20 MP: 4/6
  1754 | D:2      | Noticed Terence
  1792 | D:2      | Slain by Terence

Illustrated notes

Levels and vault maps discovered:
D:1:      amcnicky_arrival_single_pillar, layout_loops_ring, st_stairs_1,
          minivault_11, chequers_serial_rivers_small_b, minivault_26
D:2:      kennysheep_big_flooded_room, layout_loops_corners, serial_shops, shop,
          grunt_ministairs_2, uniq_terence

Skill      XL: |  1  2  3 |
---------------+----------+-----
Earth Magic    | 4 |  4.4
Fighting       | 1 |  1.3
Dodging        | 2 |  2.0
Stealth        | |  2.1
Spellcasting   | |  2.3
Transmutations | |  0.7

Action                   || total
-------------------------++-------
Melee: Short sword       ||    64
       Club              ||     6
       Punch             ||     1
Throw: Dart              ||     2
 Cast: Sandblast         ||    31
 Stab: Sleeping          ||     5
Armor: Robe              ||    22
Dodge: Dodged            ||    70

Table legend: (Time is in decaauts)
 A = Elapsed time spent in this place.
 B = Non-inter-level travel time spent in this place.
 C = Inter-level travel time spent in this place.
 D = Time resting spent in this place.
 E = Time spent auto-exploring this place.
 F = Levels seen in this place.
 G = Mean time per level.
                   A        B        C        D        E       F      G
               +--------+--------+--------+--------+--------+-----+--------+
         Total |   1810 |   1773 |     37 |    524 |    865 |   2 |  905.0 |
       Dungeon |   1810 |   1773 |     37 |    524 |    865 |   2 |  905.0 |
               +--------+--------+--------+--------+--------+-----+--------+

Top non-repeatable levels by time:
     D:1: 1131 daAuts
     D:2: 678 daAuts
